 Dungeon Crawl Stone Soup version 0.28-b1-25-g9875b3fc8c (webtiles) character file.

Game seed: 13428518878683413430

848 mcbry74 the Spear-Bearer (level 8, 0/56 HPs)
             Began as a Merfolk Gladiator on Feb 2, 2022.
             Killed by divine providence
             ... invoked by an orc priest
              (15 damage)
             ... on level 6 of the Dungeon.
             The game lasted 00:14:30 (4074 turns).

mcbry74 the Spear-Bearer (Merfolk Gladiator)        Turns: 4074, Time: 00:14:30

Health: 0/56       AC: 11    Str: 20    XL:     8   Next: 1%
Magic:  8/8        EV: 12    Int:  9    God:
Gold:   251        SH:  0    Dex: 16    Spells: 7/7 levels left

rFire   . . .      SeeInvis .   a - +0 trident
rCold   + . .      Faith    .   (no shield)
rNeg    . . .      Spirit   .   r - +3 ring mail {rC+}
rPois   .          Reflect  .   c - +0 helmet
rElec   .          Harm     .   (no cloak)
rCorr   .          Rampage  .   t - +1 pair of gloves
Will    .....                   (no boots)
Stlth   +.........              (no amulet)
HPRegen 0.18/turn               e - +4 ring of slaying
MPRegen 0.11/turn               n - +6 ring of strength

@: no status effects
A: (nimble swimmer 2), mertail
a: no special abilities


You were on level 6 of the Dungeon.
You visited 1 branch of the dungeon, and saw 6 of its levels.

You collected 251 gold pieces.

Inventory:

Hand Weapons
 a - a +0 trident (weapon)
 v - a +2 dire flail of holy wrath
Missiles
 f - 63 stones
 i - 33 sling bullets
 y - 3 poisoned darts (quivered)
Armour
 b - a +0 leather armour
 c - a +0 helmet (worn)
 r - a +3 ring mail of cold resistance (worn)
 t - a +1 pair of gloves (worn)
Jewellery
 e - a +4 ring of slaying (left hand)
 n - a +6 ring of strength (right hand)
Wands
 u - a wand of digging (4)
 x - a wand of polymorph (8)
Scrolls
 j - a scroll of identify
 p - 2 scrolls of amnesia
Potions
 g - a potion of curing {unknown}
 h - a potion of berserk rage {unknown}
 l - a potion of invisibility {unknown}
 o - a potion of lignification {unknown}
 q - a potion of attraction {unknown}
 w - a potion of brilliance {unknown}


   Skills:
 - Level 2.1 Fighting
 + Level 9.9 Polearms
 + Level 6.4 Throwing
 - Level 4.0 Dodging


You had 7 spell levels left.
You didn't know any spells.
Your spell library contained the following spells:

 Spells                   Type           Power      Damage    Failure   Level
 Static Discharge         Conj/Air       0%         N/A       71%         2
 Sublimation of Blood     Necr           0%         N/A       71%         2
 Wereblood                Tmut           0%         N/A       71%         2
 Lightning Bolt           Conj/Air       0%         1d11      100%        5
 Summon Hydra             Summ           0%         N/A       100%        7
 Maxwell's Capacitive Co  Air            0%         ∞         100%        8


Dungeon Overview and Level Annotations

Branches:
Dungeon (7/15)
 Temple: D:4-7

Altars:
Gozag
Makhleb
Xom
Zin


Innate Abilities, Weirdness & Mutations

((You are very nimble when in or above water. (Stealth+, EV+, Speed+++)))
Your lower body shifts to a powerful aquatic tail in water.


Message History

Your +2 ring mail of cold resistance glows green for a moment.
The centaur zombie hits you but does no damage.
The centaur zombie closely misses you.
Your wyvern skeleton bites the orc!
The orc dies!
Your scorpion stings the centaur zombie.
The orc throws a boomerang of dispersal.
The boomerang of dispersal hits your scorpion.
Your scorpion blinks!
The kobold hits you with a +0 dagger.
The centaur zombie hits you but does no damage.
The centaur zombie barely misses you.
The orc priest hits you but does no damage.
Your howler monkey zombie hits the centaur zombie.
You puncture the orc priest!
The orc priest is almost dead.
Your wyvern skeleton bites the orc priest!
The orc priest dies!
The centaur zombie hits you but does no damage.
The centaur zombie kicks you but does no damage.
The kobold hits you with a +0 dagger.
You have reached level 8!
Your howler monkey zombie hits the centaur zombie.
Your wyvern skeleton bites the centaur zombie.
The centaur zombie hits you.
* * * LOW HITPOINT WARNING * * *
The centaur zombie barely misses you.
The orc completely misses your wyvern skeleton.
The orc hits your howler monkey zombie with a +0 hand axe.
Things that are here:
a +0 mace; a +0 dagger; a +0 robe Your wyvern skeleton bites the centaur zombie.
Your howler monkey zombie hits the centaur zombie.
The centaur zombie hits your wyvern skeleton.
The centaur zombie kicks your wyvern skeleton.
The orc hits your wyvern skeleton with a +0 hand axe.
The orc hits your scorpion but does no damage.
The orc barely misses your howler monkey zombie.
The orc priest calls down the wrath of Beogh upon you.
Beogh smites you!
You die...

##....K.≈≈≈≈≈≈≈≈≈≈,,,,,,*
######.K###≈≈≈≈***≈,,****
.......#...#≈≈#,,,*,*************
.......#.⌠.#..#,⌠.*,,,,,,,,,,,,,,
.......#...#..#...*,,,,,,********
######..###....###,,,***,***** *
#..)K)....o..,,,,,,,,,,,* *
#####)########'###**,**,* *
#oK.KK)@.....# *,**,* * ******
######ZZ.....#**,**,* * ,,,,,*
#oZ.....+,*,**,**** ,,,,,*
#.s.....#,*,**,,,,, ,,,,,*
#o......#,*,**,,*** ,,,,,*
#.......#,*,**,,* * ,,,,,*
#.......#,*,,,,,*** ,,,,,*
#.......#,*,,*,,,,* ,,,,,*
*,,,,,,,*,,*,****,*


You could see an orc priest, 2 orcs, a centaur zombie (ally target), 3 kobolds,
a friendly scorpion (summoned), a friendly howler monkey zombie (summoned) and a
friendly wyvern skeleton (summoned).

Vanquished Creatures
  Edmund (D:3)
  An orc warrior (D:3)
  A necrophage (D:4)
  A centaur (D:7)
  A phantom (D:3)
  A kobold brigand (D:6)
  A bullfrog (D:6)
  Ijyb (D:3)
  3 orc wizards
  Terence (D:3)
  2 adders (D:2)
  A shadow imp (D:4)
  2 worms (D:2)
  3 dart slugs (D:1)
  5 orcs
  4 endoplasms (D:1)
  3 giant cockroaches
  9 goblins
  4 hobgoblins
  7 jackals
  3 quokkas (D:1)
  7 ball pythons
  3 bats
  6 frilled lizards
  7 kobolds
  8 rats
86 creatures vanquished.

Vanquished Creatures (collateral kills)
  An orc priest (D:6)
  An orc (D:6)
2 creatures vanquished.

Grand Total: 88 creatures vanquished

Notes
Turn   | Place    | Note
-------+----------+-------------------------------------------
     0 | D:1      | mcbry74 the Merfolk Gladiator began the quest for the Orb.
     0 | D:1      | Reached XP level 1. HP: 16/16 MP: 1/1
    36 | D:1      | Noticed a floating eye
    41 | D:1      | Noticed a great orb of eyes
    43 | D:1      | Found a faded altar of an unknown god.
    44 | D:1      | Noticed a great orb of eyes
    44 | D:1      | Noticed a golden eye
    84 | D:1      | Reached XP level 2. HP: 19/22 MP: 2/2
   153 | D:1      | Reached skill level 5 in Polearms
   325 | D:1      | Reached XP level 3. HP: 14/27 MP: 3/3
  1439 | D:2      | Reached XP level 4. HP: 33/33 MP: 4/4
  1460 | D:2      | Identified the +4 falchion "Xigucuv" {elec, *Corrode Int+5}
  1479 | D:2      | Reached skill level 6 in Polearms
  2073 | D:3      | Noticed a phantom
  2089 | D:3      | Killed a phantom
  2090 | D:3      | Reached XP level 5. HP: 12/38 MP: 5/5
  2305 | D:3      | Noticed Terence
  2343 | D:3      | Killed Terence
  2344 | D:3      | Reached skill level 7 in Polearms
  2776 | D:3      | Noticed Ijyb
  2784 | D:3      | Killed Ijyb
  3120 | D:4      | Noticed Edmund
  3120 | D:4      | Noticed a necrophage
  3137 | D:3      | Killed Edmund
  3138 | D:3      | Reached XP level 6. HP: 17/44 MP: 6/6
  3513 | D:4      | Reached skill level 8 in Polearms
  3522 | D:4      | Killed a necrophage
  3523 | D:4      | Reached skill level 5 in Throwing
  3617 | D:4      | Noticed an orc warrior
  3646 | D:3      | Killed an orc warrior
  3647 | D:3      | Reached XP level 7. HP: 28/50 MP: 7/7
  3925 | D:4      | Found an opulent altar of Gozag.
  3925 | D:4      | Found a burning altar of Makhleb.
  3935 | D:4      | You fall into a shaft and drop 3 floors!
  3992 | D:7      | Found a glowing silver altar of Zin.
  3992 | D:7      | Found a shimmering altar of Xom.
  3992 | D:7      | Noticed an angel
  4002 | D:7      | Reached skill level 9 in Polearms
  4073 | D:6      | Reached XP level 8. HP: 17/56 MP: 8/8
  4074 | D:6      | Killed from afar by an orc priest

Illustrated notes

Levels and vault maps discovered:
D:1:      grunt_arrival_crossed_arrows, layout_loops_ring,
          hellmonk_ecumenical_altar_watching_god
D:2:      layout_rooms
D:3:      layout_basic, uniq_ijyb, uniq_terence
D:4:      layout_cave_pools, mainiacjoe_overflow_alcove_2,
          gammafunk_temple_overflow_wave, uniq_edmund
D:6:      layout_basic, mainiacjoe_overflow_surrounded_room, fountainhead
D:7:      layout_loops_corners, grunt_temple_overflow_order_and_chaos_1,
          grunt_temple_overflow_open, kennysheep_cluttered_room,
          dk_noncrumbling_4, minmay_microvault

Skill      XL: |  1  2  3  4  5  6  7 |
---------------+----------------------+-----
Polearms       | 5 6 7 8 9 |  9.9
Throwing       | 3 4 5 6 |  6.4
Fighting       | |  2.1
Dodging        | |  4.0

Action                   |  1- 3 |  4- 6 |  7- 9 || total
-------------------------+-------+-------+-------++-------
Melee: Trident           |    95 |   107 |    49 ||   251
       Punch             |       |     1 |       ||     1
Throw: Stone             |    22 |    43 |       ||    65
       Throwing net      |       |     3 |     1 ||     4
       Dart              |       |       |     3 ||     3
  Use: Scroll            |       |       |     4 ||     4
 Stab: Sleeping          |     2 |       |       ||     2
       Distracted        |     1 |       |       ||     1
       Held in net/web   |       |     2 |     1 ||     3
Armor: Leather armour    |    17 |     3 |       ||    20
       Ring mail         |       |    10 |    55 ||    65
Dodge: Dodged            |    58 |    33 |    49 ||   140
